Map: Base du roi Sejong EC

Players

Miczko - Winner!

  • Race: Terran Terran
  • League: Platinum
  • Spawn Location: 11:00

zidar

  • Race: Zerg Zerg
  • League: Platinum
  • Spawn Location: 5:00

VOD

Have the link to the VOD?

Description

Time

  • Played on: Oct. 7, 2016, 3:19 p.m.
  • Length: 12:28
Show
View Real Time Build Order
Export as new Build Order

Miczko Terran - Winner!

Build Orders: Reaper Expand 

Get SALT Encoding   

  12  0:00  SCV  
  13  0:13  SCV  
  14  0:17  Supply Depot  
  14  0:25  SCV  
  15  0:39  Barracks  
  15  0:43  Refinery  
  15  0:44  SCV  
  16  0:56  SCV  
  17  1:08  SCV  
  18  1:20  SCV  
  19  1:26  Reaper  
  19  1:32  Orbital Command  
  20  1:43  Command Center  
  20  1:57  Supply Depot  
  20  2:01  SCV  
  21  2:07  Barracks  
  21  2:17  Barracks Reactor  
  21  2:23  Factory  
  21  2:24  SCV  
  21  2:25  Refinery  
  22  2:37  SCV  
  23  2:56  Orbital Command  
  23  2:57  SCV  
  24  3:01  Orbital Command  
  24  3:06  Barracks Tech Lab  
  24  3:09  SCV, Starport  
  24  3:10  Marine x2  
  26  3:21  SCV  
  27  3:30  Marine x2  
  27  3:31  Marine  
  27  3:32  Stimpack  
  27  3:33  SCV  
  31  3:35  Factory Reactor  
  31  3:48  Marine x3  
  33  3:52  Orbital Command  
  35  4:03  Liberator  
  35  4:05  Marine  
  35  4:06  Marine x2  
  36  4:23  Marine x2  
  45  4:24  Widow Mine x2  
  45  4:25  Marine  
  46  4:32  Orbital Command  
  46  4:48  Barracks  
  46  5:07  Command Center  
  46  5:13  SCV  
  46  5:15  SCV  
  46  5:19  Supply Depot  
  46  5:20  Supply Depot x3  
  42  5:24  Marine x2  
  42  5:25  SCV  
  42  5:27  SCV  
  46  5:38  Barracks  
  46  5:39  Barracks Tech Lab  
  46  5:42  Combat Shield  
  46  5:44  Marine  
  46  5:45  Marine x2  
  46  5:48  SCV  
  46  5:49  SCV  
  51  6:02  Marine x3  
  51  6:03  Marauder  
  51  6:04  Concussive Shells  
  56  6:05  Medivac  
  56  6:07  Factory Reactor  
  56  6:11  SCV x2  
  60  6:21  Marauder  
  60  6:23  SCV x2  
  60  6:25  Marauder, Orbital Command  
  66  6:26  Marine x2  
  66  6:30  Barracks Reactor  
  68  6:34  Engineering Bay  
  65  6:42  Marauder  
  65  6:43  Medivac x2  
  65  6:46  Marauder  
  73  6:51  Marine x2  
  79  6:58  Refinery  
  79  7:00  Refinery, SCV  
  79  7:01  Widow Mine x2  
  80  7:03  Marauder  
  80  7:07  Marine x3  
  85  7:08  Marine  
  85  7:09  Marine  
  85  7:11  Terran Infantry Weapons Level 1, Engineering Bay  
  87  7:21  Medivac  
  89  7:25  Marauder x2  
  80  7:37  Orbital Command  
  66  7:52  SCV  
  66  7:53  SCV  
  66  7:55  Marine x2  
  66  7:56  Marine x2, Marauder x2  
  80  8:07  SCV  
  80  8:08  Widow Mine x2, SCV x2  
  83  8:13  Marine x2  
  83  8:14  Marine  
  83  8:15  Terran Infantry Armor Level 1  
  83  8:17  Marauder  
  83  8:18  Marauder  
  91  8:20  SCV x3  
  93  8:32  Marine  
  93  8:35  Liberator  
  93  8:37  Supply Depot  
  93  8:38  Marine, Liberator, Supply Depot  
  93  8:39  Supply Depot  
  93  8:52  Marine  
  93  8:55  Marine x2, Marauder, Orbital Command  
  108  8:59  Marine, Marauder, Widow Mine x2  
  111  9:06  Barracks x2  
  111  9:07  Barracks  
  111  9:09  Armory  
  109  9:10  Marine  
  109  9:17  Marauder  
  112  9:19  Supply Depot  
  112  9:20  Marauder  
  114  9:26  SCV x3  
  114  9:29  Liberator x2  
  117  9:38  Marauder, SCV x3  
  122  9:47  Marine x3  
  122  9:48  Marauder  
  122  9:50  SCV x2  
  135  9:59  Marauder  
  137  10:03  Marine  
  139  10:08  Barracks Tech Lab  
  139  10:09  Marauder, Barracks Tech Lab, Barracks Reactor  
  140  10:23  Marauder  
  133  10:30  Marauder  
  135  10:44  Marauder  
  137  10:52  Marine x2, Marauder  
  141  10:58  Supply Depot  
  141  10:59  Supply Depot  
  141  11:03  Supply Depot  
  141  11:04  Supply Depot  
  141  11:09  Marine x4, Marauder, SCV x2  
  141  11:10  Marine, SCV  
  141  11:11  Marine x2, Marauder  
  153  11:13  Marauder  
  157  11:21  SCV  
  157  11:22  SCV  
  159  11:27  Marauder  
  161  11:38  Marine x3  
  161  11:39  Marine x3, Marauder x3  
  135  11:49  Marauder  
  137  11:55  SCV  
  137  11:56  Marine x3, SCV  
  137  11:57  Marine x3  
  137  11:59  Command Center  
  137  12:00  Marauder  
  137  12:01  Marauder x2  
Show
View Real Time Build Order
Export as new Build Order

zidar Zerg 

Build Orders: Hatch First 

Get SALT Encoding   

  12  0:01  Drone  
  13  0:12  Overlord  
  13  0:17  Drone  
  14  0:30  Drone x2  
  16  0:52  Hatchery  
  16  0:53  Drone  
  16  0:58  Extractor  
  16  0:59  Drone  
  16  1:15  Spawning Pool  
  16  1:18  Drone  
  16  1:25  Drone  
  17  1:34  Drone x2  
  19  1:42  Overlord  
  19  1:50  Drone  
  20  2:01  Queen  
  20  2:08  Queen  
  23  2:14  Metabolic Boost  
  23  2:27  Zergling x6  
  23  2:28  Zergling x2  
  27  2:32  Zergling x2  
  28  3:05  Zergling x4  
  29  3:07  Zergling x2  
  31  3:17  Baneling Nest  
  31  3:19  Drone x4  
  35  3:20  Drone  
  35  3:39  Lair, Extractor  
  36  3:43  Pneumatized Carapace  
  34  4:01  Baneling  
  34  4:02  Baneling x2  
  33  4:20  Overlord x3  
  33  4:22  Evolution Chamber  
  32  4:25  Drone x3  
  32  4:30  Baneling  
  32  4:31  Baneling x2  
  35  4:37  Queen  
  36  4:49  Centrifical Hooks  
  36  5:00  Evolution Chamber  
  36  5:02  Drone x9  
  38  5:21  Zergling x2  
  38  5:22  Zergling x14  
  46  5:29  Extractor  
  46  5:32  Extractor  
  44  5:36  Zerg Ground Armor Level 1  
  35  6:31  Zergling x20  
  35  6:32  Zergling x8  
  49  6:45  Drone x5  
  54  6:51  Baneling  
  54  6:54  Baneling x2  
  54  7:02  Baneling x4  
  54  7:03  Baneling  
  54  7:04  Baneling x2  
  54  7:05  Baneling  
  54  7:07  Baneling  
  54  7:20  Baneling  
  54  7:21  Baneling x5  
  38  7:52  Zergling x26  
  51  8:02  Zerg Melee Weapons Level 1  
  50  8:24  Overseer  
  50  8:30  Baneling  
  50  8:31  Baneling  
  49  8:42  Baneling x3  
  49  8:43  Baneling  
  48  9:16  Drone x3  
  51  9:21  Overlord x7  
  51  9:24  Baneling  
  51  9:25  Hatchery, Baneling x7  
  50  9:39  Drone x3  
  53  9:57  Spire  
  52  10:20  Zergling x2  
  52  10:21  Zergling x12  
  54  10:37  Zergling x10  
  54  10:38  Baneling  
  54  10:39  Baneling  
  59  10:54  Queen  
  61  11:01  Drone x3  
  61  11:02  Drone  
  65  11:05  Drone  
  66  11:14  Baneling x5  
  31  11:47  Zergling x18  
  40  12:11  Spore Crawler  
Tags
 
Add a new tag
Caveats
  • Supply blocks, unpowered buildings, or Contaminate may cause inaccurate times.
  • Supply counts are checked every 10 seconds.